Description

x

Replay - DRG v sOs: Game 3 - Lightshade LE

Build Order

Get SALT Encoding   

  12  0:00  Probe  
  13  0:14  Pylon  
  13  0:17  Probe (Chrono Boost)  
  14  0:27  Probe x2 (Chrono Boost)  
  16  0:42  Gateway  
  16  0:43  Probe  
  17  0:50  Assimilator  
  17  0:55  Probe  
  18  1:08  Probe  
  19  1:20  Probe  
  20  1:29  Cybernetics Core  
  20  1:36  Nexus  
  20  1:41  Pylon  
  20  1:44  Probe  
  21  1:52  Assimilator  
  21  1:56  Probe  
  22  2:03  Adept (Chrono Boost)  
  22  2:04  Warp Gate (Chrono Boost)  
  26  2:26  Adept  
  26  2:29  Gateway  
  29  2:38  Twilight Council  
  30  2:56  Stalker  
  30  2:57  Pylon  
  36  3:18  Dark Shrine  
  38  3:29  Gateway  
  40  3:48  Adept x2  
  44  3:59  Pylon  
  46  4:13  Adept x2  
  52  4:27  Assimilator x2  
  53  4:37  Dark Templar x3  
  59  4:39  Nexus  
  59  4:43  Pylon  
  61  5:03  Nexus  
  63  5:16  Shield Battery  
  63  5:24  Adept x3  
Spawning Tool Build Advisor. Get it on Overwolf

Analysis

x

Go to:

Details

  • Created by: charles5
  • Published on: Dec 17, 2021
  • Modified on: Dec 17, 2021
  • Patch: 4.11.0
  • Difficulty: Hard
Show
View Real Time Build Order
Export as new Build Order

Comments (0)

There are no comments. Be the first!

Create an account to comment!